 Dungeon Crawl Stone Soup version 0.21.1 (webtiles) character file.

1889461 komo4ek the Axe Maniac (level 27, 408/408 (409) HPs)
             Began as a Minotaur Berserker on Feb 3, 2018.
             Was a High Priest of Trog.
             Escaped with the Orb
             ... and 3 runes!
             The game lasted 04:04:09 (59301 turns).

komo4ek the Axe Maniac (Minotaur Berserker)        Turns: 59301, Time: 04:04:10

HP:   408/408 (409) AC: 33    Str: 43    XL:     27
MP:   22/22         EV: 34    Int: 10    God:    Trog [*****.]
Gold: 3461          SH:  0    Dex: 17    Spells: 26/26 levels left

rFire    + + +     SeeInvis +   h - +9 executioner's axe of Peace {chop, Int+2}
rCold    + + .     Gourm    .   (shield currently unavailable)
rNeg     + . .     Faith    .   f - +3 plate armour of Coronation {Regen+ Stlth+}
rPois    +         Spirit   .   (helmet unavailable)
rElec    +         Reflect  .   B - scarf {repulsion}
rCorr    +         Harm     .   H - +2 pair of gloves {Str+3}
MR       +++..                  z - +2 pair of boots {Fly}
Stlth    ..........             C - amulet of regeneration
HPRegen  1.58/turn              s - ring of Immorality {rF+ MR+ Dex+4 SInv}
MPRegen  0.18/turn              r - ring "Guxtotru" {rPois rF+ rN+ Int+4}

@: mighty, agile, berserking, resistant, flying, very slightly contaminated,
hasted, invisible, repel missiles, very quick
A: retaliatory headbutt, hooves 1, horns 3, clumsy 1, cold resistance 1, fire
resistance 1
0: Orb of Zot
}: 3/15 runes: barnacled, silver, gossamer
a: Berserk, Trog's Hand, Brothers in Arms, Burn Spellbooks, Renounce Religion,
Evoke Flight


You escaped.
You worshipped Trog.
Trog was extremely pleased with you.
You were very full.

You visited 9 branches of the dungeon, and saw 49 of its levels.
You visited the Abyss 3 times.
You visited 1 bazaar.
You also visited: Trove and Ice Cave.

You collected 7947 gold pieces.
You spent 4486 gold pieces at shops.

Inventory:

Hand Weapons
 g - a +3 executioner's axe of flaming
 h - the +9 executioner's axe of Peace (weapon) {chop, Int+2}
   (Trog gifted it to you on level 2 of the Elven Halls)

   It inflicts extra damage upon your enemies.
   It affects your intelligence (+2).
 O - the +8 Wrath of Trog {antimagic, *Rage}
   (You bought it in a shop on level 5 of the Dungeon)

   It reduces the magical energy of the wielder, and disrupts the spells and
   magical abilities of those hit.
   Natural abilities and divine invocations are not affected.
   It may make you go berserk in combat.
Armour
 e - +6 gold dragon scales
 f - the +3 plate armour of Coronation (worn) {Regen+ Stlth+}
   (You found it on level 3 of the Abyss)

   It increases your rate of regeneration.
   It makes you more stealthy.
 n - the +27 Lear's hauberk
   (You found it on level 5 of the Realm of Zot)
 x - the +7 plate armour of Dinur {rC+ MR+}
   (You found it on level 5 of the Vaults)

   It protects you from cold.
   It affects your resistance to hostile enchantments.
 y - the +2 hat "Loukkih" {rN+ Int+4 SInv}
   (You bought it in a shop on level 2 of the Orcish Mines)

   It affects your intelligence (+4).
   It protects you from negative energy.
   It lets you see invisible.
 z - a +2 pair of boots of flying (worn)
 B - a scarf of repulsion (worn)
 H - a +2 pair of gloves of strength (worn)
Jewellery
 r - the ring "Guxtotru" (right hand) {rPois rF+ rN+ Int+4}
   (You found it on level 3 of the Spider Nest)

   [ring of intelligence]

   It affects your intelligence (+4).
   It protects you from fire.
   It protects you from poison.
   It protects you from negative energy.
 s - the ring of Immorality (left hand) {rF+ MR+ Dex+4 SInv}
   (You bought it in a shop on level 2 of the Elven Halls)

   [ring of see invisible]

   It affects your dexterity (+4).
   It protects you from fire.
   It affects your resistance to hostile enchantments.
   It lets you see invisible.
 C - an amulet of regeneration (around neck)
 L - an uncursed ring of see invisible
 W - an uncursed ring of resist corrosion
Wands
 k - a wand of acid (14)
 G - a wand of disintegration (9)
 P - a wand of clouds (9)
 R - a wand of digging (56)
 S - a wand of scattershot (15)
 U - a wand of polymorph (30)
 V - a wand of iceblast (13)
Scrolls
 a - a scroll of silence
 d - 18 scrolls of teleportation
 l - 7 scrolls of identify
 m - a scroll of magic mapping
 q - 4 scrolls of blinking
 t - 25 scrolls of remove curse
 D - 3 scrolls of fear
 M - 4 scrolls of enchant weapon
 Q - 6 scrolls of fog
 X - a scroll of brand weapon
Potions
 i - 5 potions of flight
 j - 8 potions of brilliance
 o - a potion of haste
 p - 24 potions of curing
 u - 5 potions of invisibility
 v - a potion of berserk rage
 w - a potion of agility
 A - 5 potions of cancellation
 I - a potion of magic
 K - 9 potions of lignification
 T - 4 potions of ambrosia
 Z - 8 potions of mutation
Books
 E - a book of Fire

   Spells                             Type                      Level
   a - Ignite Poison                  Fire/Transmutation/Poison    3
   b - Fireball                       Conjuration/Fire             5
   c - Bolt of Fire                   Conjuration/Fire             6
   d - Ring of Flames                 Charms/Fire                  7
   e - Ignition                       Fire                         8
   Trog disapproves of the use of such an item.
 N - a book of Fire

   Spells                             Type                      Level
   a - Ignite Poison                  Fire/Transmutation/Poison    3
   b - Fireball                       Conjuration/Fire             5
   c - Bolt of Fire                   Conjuration/Fire             6
   d - Ring of Flames                 Charms/Fire                  7
   e - Ignition                       Fire                         8
   Trog disapproves of the use of such an item.
Miscellaneous
 b - 6 phantom mirrors
Comestibles
 c - 32 rations


   Skills:
 O Level 27 Fighting
 O Level 27 Axes
 O Level 27 Armour
 O Level 27 Dodging
 + Level 13.5 Stealth


You had 26 spell levels left.
You didn't know any spells.

Dungeon Overview and Level Annotations

Branches:
Dungeon (15/15)            Temple (0/1) D:4            Lair (6/6) D:8
 Shoals (4/4) Lair:2       Spider (4/4) Lair:4        Slime (0/5) Lair:5
    Orc (2/2) D:9             Elf (3/3) Orc:2        Vaults (5/5) D:14
  Crypt (0/3) Vaults:2     Depths (5/5) D:15            Zot (5/5) Depths:5

Altars:
Ashenzari
Dithmenos
Elyvilon
Fedhas
Hepliaklqana
Kikubaaqudgha
Makhleb
Okawaru
Qazlal
Sif Muna
Uskayaw
The Shining One

Shops:
D:5 (   Orc:2 %:[%   Elf:2 **=   Elf:3 (:[   Shoals:4 %   Vaults:2 [
Depths:4 :(?*   Depths:5 *%:=

Portals:
Hell: Depths:1 Depths:2 Depths:3 Depths:4 Depths:5
Abyss: Depths:4
Pandemonium: Depths:3
Ziggurat: Depths:5

Annotations:
Lair:6 exclusion: 4 oklob plants
Spider:4 Bai Suzhen


Innate Abilities, Weirdness & Mutations

You reflexively headbutt those who attack you in melee.
You have a pair of large horns on your head.
You have large cloven feet.
You are clumsy. (Dex -2)
Your flesh is cold resistant. (rC+)
Your flesh is heat resistant. (rF+)


Message History

Press: ? - help, Shift-Dir - straight line The rock shatters into small pieces.
Evoke which item? (* to show all) (? for menu, Esc to quit)
Aiming: Dig
Press: ? - help, Shift-Dir - straight line The rock shatters into small pieces.
There is a staircase leading out of the dungeon here.
Okay, then.
You feel very buoyant.
You fly up into the air.
You feel yourself speed up.
You fade into invisibility!
You are very lightly contaminated with residual magic.
You feel agile all of a sudden.
You feel very mighty all of a sudden.
You feel protected.
A red film seems to cover your vision as you go berserk!
You feel yourself moving faster!
You feel mighty!
You feel a strong urge to attack something.
You have escaped!

##.## ##......###
#.#.....# #.#
#######..## #.#......
#.# ###.## #.#......
#.# ##.###.#.#.### #.#
##### ##.##.#...... ##
#.# ##...##
#.##.#.#.... .# #.#
##.###.#####.#........
.#####.##
#..............#.###.#
....(...#
##.#.#@##.###.#.#.##...
######### #.##.####.#
#.#.#.##... ........#
#[#.## ### #.#.#.##.#.
#######.# #.#.#
#.#.#.##.#. #.# #.#.#
##.#.#.##.#. #.# #.#.##
#.##....#.## #.# #.##.#
##.####....## #.#
##.#.## ###.## ##.####
#.# #.##.###..## #.# #


There were no monsters in sight!

Vanquished Creatures
  5 ancient liches
  5 orbs of fire
  Mennas (Vaults:2)
  Mara (Vaults:3)
  A pandemonium lord (D:9)
  2 caustic shrikes (Depths:3)
  3 Killer Klowns (Zot:5)
  Saint Roka (Orc:2)
  2 curse toes (Zot:4)
  7 golden dragons
  A bone dragon (Abyss:3)
  Nikola (Elf:1)
  Arachne (Spider:2)
  3 Tzitzimimeh
  5 liches
  A Brimstone Fiend (D:14)
  18 tentacled monstrosities
  9 electric golems
  3 Hell Sentinels
  32 Orb Guardians
  2 Ice Fiends
  The ghost of PeterLawrence the Tortoise, an adept MiFi of Okawaru (Elf:3)
  A deep elf blademaster (Elf:3)
  Polyphemus (Shoals:2)
  10 quicksilver dragons
  3 titans (Vaults:5)
  4 deep elf master archers
  5 tentacled starspawn
  Frances (Spider:2)
  Agnes (Spider:2)
  6 death cobs
  9 sphinxes
  11 storm dragons
  10 shadow dragons
  3 draconian monks
  11 fire giants
  Ilsuiw (Shoals:4)
  Donald (Shoals:1)
  6 tengu reavers
  13 vault wardens
  2 draconian knights
  5 ghost moths
  2 orc warlords
  A cacodemon (Abyss:5)
  2 iron dragons
  A caustic shrike zombie (Depths:4)
  10 frost giants
  Louise (Shoals:4)
  A balrug (Abyss:3)
  4 emperor scorpions (Spider:4)
  8 deep elf sorcerers
  A curse skull (Vaults:2)
  6 draconian scorchers
  An angel (Zot:1)
  4 draconian stormcallers
  5 draconian annihilators
  3 caustic shrike skeletons
  7 draconian shifters
  26 very ugly things
  3 spriggan defenders
  22 stone giants
  3 war gargoyles
  An ophan (Abyss:5)
  5 deep elf elementalists
  2 reapers
  4 entropy weavers
  15 ironheart preservers
  2 lorocyprocas
  5 vampire knights
  10 green draconians
  7 deep elf demonologists
  11 deep elf annihilators
  7 black draconians
  6 spark wasps
  8 white draconians
  7 red draconians
  12 purple draconians
  A green death (D:9)
  A minotaur (Shoals:2)
  14 yellow draconians
  5 merfolk javelineers
  An eidolon (Vaults:2)
  5 deep elf death magi
  17 ettins
  5 blizzard demons
  7 deep elf high priests
  Josephine (Spider:1)
  11 fire dragons
  A quicksilver dragon zombie (Abyss:3)
  13 merfolk impalers
  13 great orbs of eyes
  A monstrous demonspawn (Zot:1)
  9 rakshasas
  26 vault guards
  18 yaktaur captains
  8 hydras
  15 ogre magi
  16 ice dragons
  8 centaur warriors
  2 spriggan air magi (Depths:5)
  A catoblepas (Shoals:2)
  2 alligator snapping turtles (Shoals:4)
  A hydra (shapeshifter) (Vaults:5)
  2 merfolk avatars
  2 death knights
  50 two-headed ogres
  A hell beast (Depths:4)
  A satyr (Shoals:2)
  11 deep troll shamans
  A satyr (shapeshifter) (D:15)
  2 merfolk aquamancers (Shoals:4)
  5 spriggan berserkers
  A vampire mage (Depths:3)
  27 dancing weapons
  10 tengu warriors
  An orc high priest (Orc:2)
  16 deep troll earth magi
  Urug (D:14)
  2 soul eaters
  6 death yaks
  Sonja (D:11)
  14 thrashing horrors
  A hell knight (Depths:2)
  2 sun demons
  An iron troll (shapeshifter) (Abyss:3)
  6 spriggans
  8 wretched stars
  33 deep elf knights
  4 skeletal warriors (Vaults:1)
  A titan skeleton (Depths:4)
  5 shadow wraiths
  3 sixfirhies
  2 spark wasp zombies
  2 iron trolls
  A fire crab (shapeshifter) (Vaults:1)
  2 unseen horrors
  36 deep trolls
  12 sea snakes
  A death drake (Abyss:5)
  7 glowing orange brains
  A lindwurm (shapeshifter) (Depths:3)
  6 flayed ghosts
  An entropy weaver zombie (Vaults:2)
  11 wizards
  A tengu zombie (Vaults:2)
  A swamp dragon (Lair:6)
  A lindwurm (Lair:3)
  3 harpies (shapeshifter)
  13 ironbrand convokers
  7 phantasmal warriors
  23 deep elf archers
  18 harpies
  8 necromancers
  13 orb spiders
  3 orc sorcerers (Orc:1)
  13 orc knights
  9 fauns
  A salamander (D:15)
  74 deep elf magi
  35 ugly things
  A manticore (shapeshifter) (Vaults:5)
  A salamander (shapeshifter) (Depths:4)
  14 cyclopes
  23 wolf spiders
  A wolf spider zombie (D:14)
  10 manticores
  2 shining eyes (Trove)
  2 elephants (Shoals:2)
  An oklob plant (D:8)
  A sphinx skeleton (Vaults:2)
  4 worldbinders
  11 merfolk sirens
  A guardian serpent (shapeshifter) (Depths:3)
  4 black mambas
  26 moths of wrath
  18 vault sentinels
  5 rust devils
  3 water nymphs (Shoals:4)
  Joseph (D:7)
  10 spiny frogs
  5 torpor snails
  2 orange demons
  A gargoyle (D:15)
  8 smoke demons
  10 freezing wraiths
  49 yaktaurs
  An efreet (Abyss:5)
  7 rime drakes
  11 demonic crawlers
  14 komodo dragons
  A queen bee (shapeshifter) (Depths:3)
  6 ice devils
  A guardian mummy (Elf:2)
  7 ancient zymes
  4 anaconda simulacra (IceCv)
  A golden dragon simulacrum (IceCv)
  30 jumping spiders
  2 tengu conjurers
  A hellwing (D:14)
  A troll (shapeshifter) (Vaults:1)
  A wind drake (shapeshifter) (Vaults:2)
  6 wind drakes
  9 polar bears (Lair:6)
  20 hornets
  3 meliai (Shoals:2)
  11 trolls
  A red devil (Depths:4)
  A tengu simulacrum (Depths:4)
  15 blink frogs
  A blink frog (shapeshifter) (Vaults:4)
  16 merfolk
  9 hippogriffs
  A fire giant simulacrum (Depths:1)
  11 raiju
  2 hippogriffs (shapeshifter)
  13 snapping turtles
  15 dream sheep
  A meliai zombie (D:14)
  35 slime creatures
  An ettin zombie (Vaults:4)
  10 starcursed masses (Abyss:5)
  3 air elementals
  61 redbacks
  A redback (shapeshifter) (Vaults:1)
  2 ynoxinuls
  Sigmund (D:3)
  11 wraiths
  3 shadows (D:14)
  13 water elementals
  A vampire (D:14)
  15 large abominations
  An ettin skeleton (Depths:1)
  5 wyverns
  An ice dragon skeleton (Depths:1)
  7 flying skulls
  2 spriggans (shapeshifter)
  3 fire elementals
  27 tarantellas
  54 yaks
  A human (D:7)
  A dire elephant simulacrum (IceCv)
  A human (shapeshifter) (Vaults:1)
  A hog (shapeshifter) (Depths:3)
  4 basilisks
  3 fire bats
  A wyvern (shapeshifter) (Depths:4)
  3 hogs (D:7)
  3 neqoxecs (Abyss:5)
  A hungry ghost (D:11)
  A golden eye (shapeshifter) (Depths:3)
  3 steam dragons (Lair:6)
  A yaktaur simulacrum (Vaults:1)
  4 chaos spawn
  8 wargs
  3 iron troll simulacra (IceCv)
  A spatial vortex (Abyss:3)
  3 insubstantial wisps (Abyss:3)
  8 vampire mosquitoes
  A harpy simulacrum (IceCv)
  2 soldier ants (shapeshifter)
  3 hydra simulacra (IceCv)
  An acid dragon (Vaults:2)
  A deep troll zombie (Vaults:4)
  11 water moccasins
  A water moccasin (shapeshifter) (Depths:1)
  A soldier ant (D:13)
  2 floating eyes (shapeshifter)
  11 porcupines
  13 hell hounds (Lair:6)
  13 black bears
  A swamp drake (Lair:6)
  6 ice beasts
  55 orc warriors
  2 sky beasts
  An alligator simulacrum (IceCv)
  2 ettin simulacra (IceCv)
  4 necrophages
  43 ogres
  23 boggarts
  2 eyes of draining
  3 phantoms
  34 wolves
  17 centaurs
  15 crocodiles
  A big kobold (D:11)
  A human zombie (Vaults:2)
  A gnoll sergeant (D:12)
  19 bullfrogs
  5 earth elementals
  7 small abominations
  4 scorpions
  An elf simulacrum (Vaults:1)
  7 killer bees
  An orc simulacrum (Vaults:1)
  27 wights
  An electric eel (Spider:3)
  11 crimson imps
  4 centaur zombies
  2 human simulacra
  2 quasits
  6 jellies
  7 hounds
  23 orc priests
  A bullfrog skeleton (D:4)
  2 centaur skeletons
  24 orc wizards
  7 worker ants
  9 iguanas
  3 troll simulacra (IceCv)
  3 wolf simulacra (IceCv)
  A centaur simulacrum (IceCv)
  2 hound skeletons
  15 adders
  4 gnolls (D:12)
  5 naga simulacra (IceCv)
  2 ogre simulacra (IceCv)
  5 shadow imps
  12 white imps
  8 ufetubi
  2 oozes
  2 adder zombies (D:6)
  4 worms
  4 dart slugs
  7 leopard geckos
  103 orcs
  3 ball pythons
  4 giant cockroaches
  9 goblins
  11 hobgoblins
  10 jackals
  6 kobolds
  A quokka (shapeshifter) (Vaults:5)
  4 quokkas
  12 bats
  7 frilled lizards
  8 rats
  4 crawling corpses (Elf:3)
  3 fungi
  18 plants
  7 starspawn tentacles
2622 creatures vanquished.

Vanquished Creatures (collateral kills)
  A golden dragon (Vaults:5)
  A tentacled monstrosity (Depths:3)
  A deep elf blademaster (Elf:3)
  Kirke (Spider:3)
  A shadow dragon (Vaults:5)
  A deep elf sorcerer (Elf:3)
  An emperor scorpion (Spider:3)
  A deep elf elementalist (Elf:3)
  A very ugly thing (Depths:3)
  A deep elf demonologist (Elf:3)
  A merfolk javelineer (Shoals:4)
  A fire dragon (Depths:3)
  An ice dragon (Depths:4)
  A spriggan air mage (Depths:3)
  2 satyrs (Shoals:4)
  An ogre mage (Vaults:5)
  A spriggan berserker (Depths:3)
  A glowing orange brain (shapeshifter) (Vaults:5)
  4 deep trolls (Vaults:3)
  A flayed ghost (Depths:3)
  A harpy (Shoals:2)
  3 orb spiders
  2 deep elf magi (Elf:3)
  2 fauns
  A wolf spider (Spider:4)
  2 manticores (Shoals:4)
  2 merfolk sirens (Shoals:4)
  An ice statue (IceCv)
  A demonic crawler (Spider:2)
  7 yaktaurs
  4 jumping spiders
  A merfolk (Shoals:4)
  A dream sheep (Shoals:2)
  5 redbacks
  3 ogres (Vaults:5)
60 creatures vanquished.

Vanquished Creatures (others)
  A golden dragon (Zot:2)
  A shadow dragon (Vaults:5)
  A draconian knight (Zot:4)
  A draconian stormcaller (Zot:2)
  A fire dragon (Depths:3)
  A hell beast (Zot:2)
  2 deep elf knights
  3 deep elf magi
  A human skeleton (Vaults:4)
  A fire bat (Abyss:5)
  2 humans (Spider:3)
  A boggart (Vaults:2)
  A small abomination (Abyss:5)
  A crimson imp (Abyss:5)
  An orc wizard (Orc:2)
  A white imp (IceCv)
  An orc (Orc:2)
  4 fungi
  A lurking horror (Abyss:5)
  27 plants
  9 starspawn tentacles
62 creatures vanquished.

Grand Total: 2744 creatures vanquished

Notes
Turn   | Place    | Note
-------+----------+-------------------------------------------
     0 | D:1      | komo4ek the Minotaur Berserker began the quest for the Orb.
     0 | D:1      | Reached XP level 1. HP: 19/19 MP: 0/0
    84 | D:1      | Found a shattered altar of Ashenzari.
   116 | D:1      | Reached XP level 2. HP: 23/26 MP: 1/1
   343 | D:1      | Reached ** piety under Trog
   343 | D:1      | Reached skill level 5 in Axes
   470 | D:1      | Reached XP level 3. HP: 27/31 MP: 2/2
  1150 | D:2      | Found a stormy altar of Qazlal.
  1278 | D:2      | Reached XP level 4. HP: 26/39 MP: 3/3
  1918 | D:3      | Reached XP level 5. HP: 39/45 MP: 4/4
  1919 | D:3      | Reached *** piety under Trog
  2010 | D:3      | Noticed Sigmund
  2022 | D:3      | Killed Sigmund
  2022 | D:3      | Reached XP level 6. HP: 20/51 MP: 5/5
  2372 | D:3      | Found an ancient bone altar of Kikubaaqudgha.
  2579 | D:3      | Found a deep blue altar of Sif Muna.
  2780 | D:4      | Reached XP level 7. HP: 37/59 MP: 6/6
  2997 | D:4      | Found a burning altar of Makhleb.
  3002 | D:4      | Found a staircase to the Ecumenical Temple.
  3428 | D:5      | Entered Level 5 of the Dungeon
  3697 | D:5      | Reached skill level 5 in Fighting
  4021 | D:5      | Found Manug's Weapon Boutique.
  4027 | D:5      | Reached **** piety under Trog
  4167 | D:5      | Reached XP level 8. HP: 39/69 MP: 7/7
  4650 | D:6      | Reached skill level 5 in Armour
  4938 | D:6      | Reached skill level 5 in Dodging
  5260 | D:6      | Found a blossoming altar of Fedhas.
  5274 | D:6      | Reached skill level 10 in Axes
  5566 | D:6      | Reached XP level 9. HP: 38/78 MP: 8/8
  6308 | D:7      | Noticed Joseph
  6320 | D:7      | Killed Joseph
  6437 | D:7      | Reached skill level 10 in Fighting
  6437 | D:7      | Reached XP level 10. HP: 84/93 MP: 9/9
  6709 | D:7      | Reached skill level 10 in Armour
  6720 | D:7      | Reached ***** piety under Trog
  6899 | D:7      | Found a shadowy altar of Dithmenos.
  6899 | D:7      | Found a hazy altar of Hepliaklqana.
  6902 | D:7      | Found an iron altar of Okawaru.
  7147 | D:8      | Reached XP level 11. HP: 101/101 MP: 10/10
  7296 | D:8      | Found a staircase to the Lair.
  7321 | D:8      | Noticed a brown ugly thing
  7335 | D:8      | Killed a brown ugly thing
  7516 | D:8      | Found a stormy altar of Qazlal.
  7516 | D:8      | Noticed an oklob plant
  8143 | D:8      | Killed an oklob plant
  8226 | D:9      | Noticed a two-headed ogre
  8233 | D:9      | Killed a two-headed ogre
  8233 | D:9      | Reached skill level 10 in Dodging
  8429 | D:9      | Found a staircase to the Orcish Mines.
  8430 | D:9      | Noticed a two-headed ogre
  8443 | D:9      | Killed a two-headed ogre
  8799 | D:9      | Noticed a two-headed ogre
  8801 | D:9      | Found a glowing golden altar of the Shining One.
  8812 | D:9      | Killed a two-headed ogre
  8877 | D:9      | Found a white marble altar of Elyvilon.
  9141 | D:10     | Entered Level 10 of the Dungeon
  9160 | D:10     | Noticed a two-headed ogre
  9171 | D:10     | Killed a two-headed ogre
  9190 | D:10     | Noticed a two-headed ogre
  9191 | D:10     | Noticed a two-headed ogre
  9197 | D:10     | Killed a two-headed ogre
  9200 | D:10     | Killed a two-headed ogre
  9200 | D:10     | Reached XP level 12. HP: 90/112 MP: 11/11
  9295 | D:10     | Noticed a two-headed ogre
  9306 | D:10     | Killed a two-headed ogre
  9630 | D:10     | Noticed a two-headed ogre
  9636 | D:10     | Killed a two-headed ogre
  9737 | D:11     | Noticed Sonja
  9749 | D:11     | Received a gift from Trog
  9834 | D:11     | Noticed a two-headed ogre
  9840 | D:11     | Killed a two-headed ogre
 10034 | D:11     | Killed Sonja
 10215 | D:11     | Noticed a two-headed ogre
 10227 | D:11     | Killed a two-headed ogre
 10228 | D:11     | Received a gift from Trog
 11569 | Lair:1   | Entered Level 1 of the Lair of Beasts
 11665 | Lair:1   | Noticed a five-headed hydra
 11677 | Lair:1   | Killed a one-headed hydra
 11688 | Lair:1   | Reached XP level 13. HP: 73/122 MP: 12/12
 12645 | Lair:2   | Found a staircase to the Shoals.
 12653 | Lair:2   | Reached skill level 15 in Axes
 12957 | Lair:2   | Reached ****** piety under Trog
 13755 | Lair:3   | Received a gift from Trog
 14692 | Lair:4   | Found a hole to the Spider Nest.
 15281 | Lair:5   | Reached XP level 14. HP: 132/132 MP: 13/13
 15341 | Lair:5   | Found a staircase to the Slime Pits.
 15718 | Lair:6   | Entered Level 6 of the Lair of Beasts
 15800 | Lair:6   | Received a gift from Trog
 16457 | Lair:6   | Reached skill level 15 in Fighting
 16514 | Lair:6   | Received a gift from Trog
 16539 | Lair:6   | Got an ichor-stained battleaxe {god gift}
 16558 | Lair:6   | Reached skill level 15 in Armour
 16590 | Lair:6   | Identified the +4 battleaxe of Broken Luck {flame, rElec} (Trog gifted it to you on level 6 of the Lair of Beasts)
 17387 | D:5      | Bought the +8 Wrath of Trog {antimagic, *Rage} for 800 gold pieces
 17387 | D:5      | Found the +8 Wrath of Trog {antimagic, *Rage}
 17502 | Orc:1    | Entered Level 1 of the Orcish Mines
 17688 | Orc:1    | Noticed an orc warlord
 17732 | Orc:1    | Killed an orc warlord
 17733 | Orc:1    | Reached XP level 15. HP: 141/141 MP: 4/14
 17735 | Orc:1    | Received a gift from Trog
 18099 | Orc:2    | Entered Level 2 of the Orcish Mines
 18099 | Orc:2    | Found a staircase to the Elven Halls.
 18327 | Orc:2    | Noticed Saint Roka
 18343 | Orc:2    | Killed Saint Roka
 18899 | Orc:2    | Received a gift from Trog
 19038 | Orc:2    | Found Liad's Antique Armour Shoppe.
 19038 | Orc:2    | Found Xiw Axergh's Book Shop.
 19040 | Orc:2    | Found Par Yhojy's Food Boutique.
 19042 | Orc:2    | Found Nucvoeju's Food Emporium.
 19126 | Orc:2    | Bought a faintly humming hat for 162 gold pieces
 19424 | Orc:2    | Identified the +2 hat "Loukkih" {rN+ Int+4 SInv} (You bought it in a shop on level 2 of the Orcish Mines)
 20911 | D:14     | Noticed Urug
 20920 | D:14     | Killed Urug
 21024 | D:14     | Received a gift from Trog
 21144 | D:14     | Reached skill level 15 in Dodging
 21394 | D:14     | Found a gate to the Vaults.
 21592 | D:15     | Entered Level 15 of the Dungeon
 21722 | D:15     | Reached XP level 16. HP: 142/152 MP: 15/15
 21739 | D:15     | Found a staircase to the Depths.
 21836 | D:15     | Found a shadowy altar of Dithmenos.
 22677 | Shoals:1 | Entered Level 1 of the Shoals
 23097 | Shoals:1 | Identified 2 scrolls of acquirement
 23107 | Shoals:1 | Got a vibrating lapis lazuli ring
 23111 | Shoals:1 | Got a jewelled cloak
 23124 | Shoals:1 | Identified the -3 cloak "Petwozof" {rElec Int-5 Stlth+} (You acquired it on level 1 of the Shoals)
 23136 | Shoals:1 | Identified the ring of Lihosenn {+Blink MR- Dex+2 Slay+3} (You acquired it on level 1 of the Shoals)
 23161 | Shoals:1 | Noticed Donald
 23167 | Shoals:1 | Killed Donald
 23623 | Shoals:2 | Found a hide-covered altar of Uskayaw.
 23658 | Shoals:2 | Received a gift from Trog
 23823 | Shoals:2 | Noticed Polyphemus
 23832 | Shoals:2 | Killed Polyphemus
 24662 | Shoals:4 | Entered Level 4 of the Shoals
 24675 | Shoals:4 | Noticed Louise
 24690 | Shoals:4 | Noticed Ilsuiw
 24835 | Shoals:4 | Killed Louise
 24846 | Shoals:4 | Killed Ilsuiw
 24882 | Shoals:4 | Received a gift from Trog
 25021 | Shoals:4 | Reached XP level 17. HP: 94/161 MP: 16/16
 25451 | Shoals:4 | Found Unoul's Food Shop.
 25466 | Shoals:4 | Got a barnacled rune of Zot
 25646 | Shoals:4 | Received a gift from Trog
 25898 | Shoals:4 | Cast into level 2 of the Abyss (merfolk javelineer)
 26206 | Shoals:4 | Escaped the Abyss
 26632 | Spider:1 | Entered Level 1 of the Spider Nest
 26840 | Spider:1 | Noticed Josephine
 26846 | Spider:1 | Killed Josephine
 26955 | Spider:1 | Got a twisted scale mail
 26966 | Spider:1 | Identified the cursed +0 scale mail of the Dolphin {Stlth+} (You found it on level 1 of the Spider Nest)
 27431 | Spider:2 | Noticed Arachne
 27439 | Spider:2 | Noticed Agnes
 27439 | Spider:2 | Paralysed by a hornet for 1 turns
 27442 | Spider:2 | Killed Arachne
 27450 | Spider:2 | Killed Agnes
 27458 | Spider:2 | Received a gift from Trog
 27462 | Spider:2 | Noticed Frances
 27547 | Spider:2 | Killed Frances
 27740 | Spider:2 | Found a frozen archway.
 27767 | IceCv    | Entered an ice cave
 27979 | IceCv    | Got a scintillating bronze ring
 28057 | IceCv    | Identified the ring of Vaucuest {Ice MR+ Str-4 Int+2 Dex+3} (You found it in an ice cave)
 28430 | IceCv    | Received a gift from Trog
 28658 | Spider:2 | Reached XP level 18. HP: 150/172 MP: 17/17
 29073 | Spider:3 | Noticed Kirke
 29080 | Spider:3 | Killed Kirke
 29189 | Spider:3 | Got a clouded amber ring
 29432 | Spider:3 | Identified the ring "Guxtotru" {rPois rF+ rN+ Int+4} (You found it on level 3 of the Spider Nest)
 29475 | Spider:4 | Entered Level 4 of the Spider Nest
 29941 | Spider:4 | Received a gift from Trog
 29951 | Spider:4 | Got a gossamer rune of Zot
 30188 | Spider:4 | Noticed Bai Suzhen
 30630 | Vaults:1 | Entered Level 1 of the Vaults
 31031 | Vaults:1 | Paralysed by an ogre mage for 7 turns
 31398 | Vaults:1 | Received a gift from Trog
 31410 | Vaults:1 | Reached XP level 19. HP: 172/180 MP: 18/18
 31996 | Vaults:1 | Received a gift from Trog
 32703 | Vaults:2 | Found a staircase to the Crypt.
 32724 | Vaults:2 | Found Eshreh's Armour Shop.
 32789 | Vaults:2 | Received a gift from Trog
 32826 | Vaults:2 | Noticed Mennas
 32845 | Vaults:2 | Killed Mennas
 33967 | Vaults:3 | Reached XP level 20. HP: 136/189 MP: 19/19
 33992 | Vaults:3 | Noticed Mara
 34225 | Vaults:3 | Received a gift from Trog
 34720 | Vaults:3 | Received a gift from Trog
 34936 | Vaults:3 | Noticed komo4ek's illusion
 34982 | Vaults:3 | Noticed komo4ek's illusion
 34988 | Vaults:3 | Killed Mara
 36164 | Vaults:4 | Received a gift from Trog
 36264 | Vaults:4 | Got a crude ring mail
 36678 | Vaults:4 | Identified the +3 ring mail of the Elven Halls {rPois rC- Dex+6} (You found it on level 4 of the Vaults)
 36694 | Vaults:5 | Entered Level 5 of the Vaults
 36700 | Vaults:5 | Reached XP level 21. HP: 160/199 MP: 20/20
 36913 | Vaults:4 | Received a gift from Trog
 37421 | Vaults:5 | Reached skill level 27 in Axes
 37448 | Vaults:5 | Noticed a golden dragon
 37559 | Vaults:5 | Killed a golden dragon
 37586 | Vaults:5 | Received a gift from Trog
 37597 | Vaults:5 | Got a crystal battleaxe {god gift}
 37924 | Vaults:5 | Got a warped turquoise ring
 37925 | Vaults:5 | Got a twisted battleaxe {flame}
 37928 | Vaults:5 | Identified the +8 battleaxe "Anlagah" {chop, rPois} (Trog gifted it to you on level 5 of the Vaults)
 37929 | Vaults:5 | Identified the +1 battleaxe of the Vanishing People {flame, rElec Dex+3} (You took it off an ironheart preserver on level 5 of the Vaults)
 37945 | Vaults:5 | Identified the ring of Grace {+Inv rN+} (You took it off an ironheart preserver on level 5 of the Vaults)
 38001 | Vaults:5 | Paralysed by a lich for 3 turns
 38011 | Vaults:5 | Noticed an ancient lich
 38021 | Vaults:5 | Killed an ancient lich
 38162 | Vaults:5 | Reached XP level 22. HP: 205/211 MP: 21/21
 38385 | Vaults:5 | Received a gift from Trog
 38438 | Vaults:5 | Got a silver rune of Zot
 38440 | Vaults:5 | Got a distressingly furry plate armour
 38493 | Vaults:5 | Identified the +7 plate armour of Dinur {rC+ MR+} (You found it on level 5 of the Vaults)
 38547 | Vaults:5 | Found the +3 Elemental Staff {rElec rF++ rC++ MR++ AC+5}
 38577 | Vaults:5 | Noticed an ancient lich
 38584 | Vaults:5 | Killed an ancient lich
 39229 | Vaults:5 | Got a slimy tin ring
 39543 | Elf:1    | Entered Level 1 of the Elven Halls
 40153 | Elf:1    | Received a gift from Trog
 40188 | Elf:1    | Noticed Nikola
 40203 | Elf:1    | Killed Nikola
 40312 | Elf:1    | Identified the ring of Sinegif {Fire rElec Int+6} (You took it off a tengu reaver on level 5 of the Vaults)
 40800 | Elf:2    | Found a portal to a secret trove of treasure.
 41553 | Elf:2    | Found Zarutwomn's Jewellery Boutique.
 41565 | Elf:2    | Bought the ring of Immorality {rF+ MR+ Dex+4 SInv} for 645 gold pieces
 41636 | Elf:2    | Found a huge runed gate.
 41636 | Elf:2    | Found a huge runed gate.
 41636 | Elf:2    | Found a huge runed gate.
 41636 | Elf:2    | Found a huge runed gate.
 41636 | Elf:2    | Found a huge runed gate.
 41860 | Elf:2    | Received a gift from Trog
 41888 | Elf:2    | Got a twisted executioner's axe {god gift}
 41890 | Elf:2    | Identified the +9 executioner's axe of Peace {chop, Int+2} (Trog gifted it to you on level 2 of the Elven Halls)
 42153 | Elf:2    | Found Uxenlao's General Store.
 42171 | Elf:2    | Found Giunytax's General Store.
 42196 | Elf:2    | Bought a +0 halberd for 60 gold pieces
 42196 | Elf:2    | Bought a scroll of identify for 30 gold pieces
 42450 | Elf:2    | Cast into level 3 of the Abyss (long sword of distortion)
 42596 | Abyss:3  | Reached XP level 23. HP: 178/178 MP: 22/22
 42626 | Abyss:3  | Got a slimy plate armour
 42638 | Abyss:3  | Identified the +3 plate armour of Coronation {Regen+ Stlth+} (You found it on level 3 of the Abyss)
 42845 | Elf:2    | Escaped the Abyss
 43618 | Elf:3    | Entered Level 3 of the Elven Halls
 43769 | Elf:3    | Received a gift from Trog
 43776 | Elf:3    | Noticed PeterLawrence's ghost (adept MiFi)
 43804 | Elf:3    | Killed PeterLawrence's ghost
 43981 | Elf:3    | Found Izxaclat's Armour Boutique.
 43983 | Elf:3    | Found Zopilaech's Book Shop.
 44028 | Elf:3    | Found Litaom's Weapon Boutique.
 45130 | Elf:2    | You paid a toll of +3 shadow dragon scales to enter a treasure trove
 45131 | Trove    | Entered a treasure trove
 45152 | Trove    | Gained mutation: You are agile. (Dex +2) [a shining eye]
 45153 | Trove    | Gained mutation: Your spells are a little easier to cast, but a little less powerful. [a shining eye]
 45156 | Trove    | Gained mutation: You expend magic power (3 MP) to strengthen your wands. [a shining eye]
 45159 | Trove    | Lost mutation: You are agile. (Dex +2) [a shining eye]
 45162 | Trove    | Gained mutation: You are clumsy. (Dex -2) [a shining eye]
 45163 | Trove    | Gained mutation: Your spells are easier to cast, but less powerful. [a shining eye]
 45173 | Trove    | Gained mutation: You tend to lose your temper in combat. [a shining eye]
 45178 | Trove    | Got a steaming plate armour
 45219 | Trove    | Identified the cursed +1 plate armour "Puwkoshro" {Int+2} (You found it in a treasure trove)
 45501 | Depths:1 | Entered Level 1 of the Depths
 45639 | Depths:1 | Received a gift from Trog
 45901 | Depths:1 | Found a gateway to Hell.
 46288 | Depths:1 | Reached XP level 24. HP: 235/235 MP: 22/22
 46463 | Depths:2 | Received a gift from Trog
 47049 | Depths:2 | Received a gift from Trog
 47881 | Depths:3 | Received a gift from Trog
 47916 | Depths:3 | Found a one-way gate leading to the halls of Pandemonium.
 48090 | Depths:3 | Got a clouded lapis lazuli ring
 48124 | Depths:3 | Identified the ring "Jiozxiqe" {rF+ rC+} (You took it off a vampire knight on level 3 of the Depths)
 48589 | Depths:3 | Reached XP level 25. HP: 211/247 MP: 22/22
 48610 | Depths:3 | Received a gift from Trog
 49373 | Depths:4 | Found a flickering gateway to a bazaar.
 49379 | Bazaar   | Entered a bazaar
 49379 | Bazaar   | Found Abruj's Distillery.
 49379 | Bazaar   | Found Xovvaaga's Weapon Shoppe.
 49379 | Bazaar   | Found Neusy's Assorted Antiques.
 49379 | Bazaar   | Found Cucva's Jewellery Shoppe.
 49389 | Bazaar   | Bought a potion of haste for 90 gold pieces
 49389 | Bazaar   | Bought a potion of resistance for 90 gold pieces
 49389 | Bazaar   | Bought a potion of agility for 36 gold pieces
 49389 | Bazaar   | Bought a potion of agility for 36 gold pieces
 49389 | Bazaar   | Bought a potion of heal wounds for 45 gold pieces
 49389 | Bazaar   | Bought a potion of agility for 36 gold pieces
 49389 | Bazaar   | Bought a potion of heal wounds for 45 gold pieces
 49389 | Bazaar   | Bought a potion of curing for 27 gold pieces
 49401 | Bazaar   | Bought a potion of heal wounds for 145 gold pieces
 49401 | Bazaar   | Bought a scroll of acquirement for 1508 gold pieces
 49773 | Depths:4 | Found Xaok's General Store.
 49965 | Depths:4 | Found Alluywuj's Book Shop.
 50201 | Depths:4 | Found Neakhylu's Antique Weapon Shop.
 50201 | Depths:4 | Found a one-way gate to the infinite horrors of the Abyss.
 50201 | Depths:4 | Found Qewne's Magic Scroll Shop.
 50241 | Depths:5 | Entered Level 5 of the Depths
 50398 | Depths:5 | Received a gift from Trog
 50499 | Depths:5 | Found Sasauff's Jewellery Boutique.
 50499 | Depths:5 | Found Elaragg's Assorted Antiques.
 50551 | Depths:5 | Found Coagyotaet's Book Boutique.
 50553 | Depths:5 | Found Wyariek's Food Shop.
 50564 | Depths:5 | Bought a potion of might for 136 gold pieces
 50564 | Depths:5 | Bought a scroll of blinking for 255 gold pieces
 50564 | Depths:5 | Bought a potion of haste for 340 gold pieces
 50595 | Depths:5 | Found a gateway to a ziggurat.
 50777 | Depths:5 | Found a gate to the Realm of Zot.
 51146 | Depths:5 | Received a gift from Trog
 51287 | Zot:1    | Entered Level 1 of the Realm of Zot
 52186 | Zot:1    | Reached XP level 26. HP: 255/260 MP: 22/22
 53484 | Zot:2    | Noticed an orb of fire
 54270 | Zot:3    | Noticed an orb of fire
 54280 | Zot:3    | Gained mutation: You are very clumsy. (Dex -4) [an orb of fire]
 54282 | Zot:3    | Gained mutation: Scrolls take you a little longer to read. [an orb of fire]
 54285 | Zot:3    | Killed an orb of fire
 54382 | Zot:3    | Lost mutation: Scrolls take you a little longer to read. [potion of mutation]
 54382 | Zot:3    | Lost mutation: You are very clumsy. (Dex -4) [potion of mutation]
 54382 | Zot:3    | Lost mutation: You expend magic power (3 MP) to strengthen your wands. [potion of mutation]
 54382 | Zot:3    | Lost mutation: Your spells are easier to cast, but less powerful. [potion of mutation]
 54382 | Zot:3    | Gained mutation: Your magical capacity is low. (-10% MP) [potion of mutation]
 54382 | Zot:3    | Lost mutation: You tend to lose your temper in combat. [potion of mutation]
 54382 | Zot:3    | Gained mutation: You are partially covered in molten scales. (AC +2) [potion of mutation]
 54383 | Zot:3    | Lost mutation: You are partially covered in molten scales. (AC +2) [potion of mutation]
 54383 | Zot:3    | Lost mutation: Your spells are a little easier to cast, but a little less powerful. [potion of mutation]
 54383 | Zot:3    | Gained mutation: Armour fits poorly on your strangely shaped body. [potion of mutation]
 54383 | Zot:3    | Gained mutation: You are partially covered in large bone plates. (SH +4) [potion of mutation]
 54384 | Zot:3    | Lost mutation: Armour fits poorly on your strangely shaped body. [potion of mutation]
 54384 | Zot:3    | Lost mutation: You are clumsy. (Dex -2) [potion of mutation]
 54384 | Zot:3    | Gained mutation: You occasionally shout uncontrollably at your foes. [potion of mutation]
 54384 | Zot:3    | Gained mutation: Your spells are a little harder to cast, but a little more powerful. [potion of mutation]
 54384 | Zot:3    | Gained mutation: You have a pair of large horns on your head. [potion of mutation]
 54385 | Zot:3    | Lost mutation: You are partially covered in large bone plates. (SH +4) [potion of mutation]
 54385 | Zot:3    | Lost mutation: You have a pair of large horns on your head. [potion of mutation]
 54385 | Zot:3    | Gained mutation: You have sharp toenails. [potion of mutation]
 54385 | Zot:3    | Gained mutation: You have sharp fingernails. [potion of mutation]
 54386 | Zot:3    | Lost mutation: Your spells are a little harder to cast, but a little more powerful. [potion of mutation]
 54386 | Zot:3    | Lost mutation: Your magical capacity is low. (-10% MP) [potion of mutation]
 54386 | Zot:3    | Lost mutation: You have sharp toenails. [potion of mutation]
 54386 | Zot:3    | Gained mutation: You are somewhat resistant to further mutation. [potion of mutation]
 54387 | Zot:3    | Lost mutation: You have sharp fingernails. [potion of mutation]
 54387 | Zot:3    | Lost mutation: You occasionally shout uncontrollably at your foes. [potion of mutation]
 54473 | Zot:3    | Received a gift from Trog
 55804 | Zot:4    | Reached XP level 27. HP: 120/271 MP: 22/22
 56447 | Zot:5    | Entered Level 5 of the Realm of Zot
 56495 | Zot:5    | Reached skill level 27 in Fighting
 56681 | Zot:5    | Noticed an ancient lich
 56683 | Zot:5    | Reached skill level 27 in Armour
 56701 | Zot:5    | Killed an ancient lich
 56879 | Zot:5    | Received a gift from Trog
 57080 | Zot:5    | Noticed an orb of fire
 57083 | Zot:5    | Gained mutation: Armour fits poorly on your strangely shaped body. [an orb of fire]
 57088 | Zot:5    | Killed an orb of fire
 57183 | Zot:5    | Noticed an ancient lich
 57185 | Zot:5    | Noticed an orb of fire
 57192 | Zot:5    | Gained mutation: You are frail. (-10% HP) [an orb of fire]
 57194 | Zot:5    | Killed an ancient lich
 57194 | Zot:5    | Reached skill level 27 in Dodging
 57194 | Zot:5    | Reached skill level 1 in Stealth
 57203 | Zot:5    | Killed an orb of fire
 57204 | Zot:5    | Noticed an ancient lich
 57209 | Zot:5    | Noticed an orb of fire
 57210 | Zot:5    | Noticed an orb of fire
 57211 | Zot:5    | Killed an ancient lich
 57211 | Zot:5    | Reached skill level 5 in Stealth
 57223 | Zot:5    | Gained mutation: Your magical capacity is low. (-10% MP) [an orb of fire]
 57225 | Zot:5    | Killed an orb of fire
 57231 | Zot:5    | Killed an orb of fire
 57235 | Zot:5    | Found the +27 Lear's hauberk
 57510 | Zot:5    | Lost mutation: Your magical capacity is low. (-10% MP) [potion of mutation]
 57510 | Zot:5    | Lost mutation: You are frail. (-10% HP) [potion of mutation]
 57510 | Zot:5    | Lost mutation: You are somewhat resistant to further mutation. [potion of mutation]
 57510 | Zot:5    | Lost mutation: Armour fits poorly on your strangely shaped body. [potion of mutation]
 57510 | Zot:5    | Gained mutation: You are resistant to hostile enchantments. (MR+) [potion of mutation]
 57510 | Zot:5    | Gained mutation: Your flesh is cold resistant. (rC+) [potion of mutation]
 57510 | Zot:5    | Gained mutation: You are clumsy. (Dex -2) [potion of mutation]
 57510 | Zot:5    | Gained mutation: You have a pair of large horns on your head. [potion of mutation]
 57511 | Zot:5    | Lost mutation: You are resistant to hostile enchantments. (MR+) [potion of mutation]
 57511 | Zot:5    | Lost mutation: You are clumsy. (Dex -2) [potion of mutation]
 57511 | Zot:5    | Gained mutation: You are agile. (Dex +2) [potion of mutation]
 57511 | Zot:5    | Gained mutation: Your flesh is heat resistant. (rF+) [potion of mutation]
 57511 | Zot:5    | Gained mutation: You have large cloven feet. [potion of mutation]
 57606 | Zot:5    | Got the Orb of Zot
 57840 | Zot:1    | Noticed a seraph
 57950 | Zot:2    | Reached skill level 10 in Stealth
 58058 | Zot:1    | Received a gift from Trog
 58165 | Depths:2 | Noticed Kytyonek the pandemonium lord
 58268 | D:13     | Noticed Hir Nyn the pandemonium lord
 58347 | D:14     | Noticed Fitry the pandemonium lord
 58533 | D:10     | Noticed Quhoujim the pandemonium lord
 58552 | D:10     | Cast into level 5 of the Abyss (Quhoujim)
 58552 | Abyss:5  | Entered Level 5 of the Abyss
 58565 | Abyss:5  | Found a corrupted altar of Lugonu.
 58761 | Abyss:5  | Lost mutation: You are agile. (Dex +2) [a neqoxec]
 58776 | Abyss:5  | Found a corrupted altar of Lugonu.
 58788 | Abyss:5  | Found a shadowy altar of Dithmenos.
 58925 | Abyss:5  | Gained mutation: You are clumsy. (Dex -2) [a cacodemon]
 59021 | D:10     | Escaped the Abyss
 59076 | D:9      | Noticed Etuan the pandemonium lord
 59132 | D:9      | Noticed Zubbecwao the pandemonium lord
 59143 | D:9      | Killed Zubbecwao the pandemonium lord
 59301 | D:$      | Escaped with the Orb!

Skill      XL: |  1  2  3  4  5  6  7  8  9 10 11 12 13 14 15 16 17 18 19 20 21 22 23 24 25 26 27 |
---------------+----------------------------------------------------------------------------------+-----
Axes           | 4 5 6 8 9 10 12 13 14 15 16 17 20 21 23 26 27 | 27.0
Fighting       | 4 5 6 10 11 13 14 15 16 17 18 19 20 22 23 24 25 26 27 | 27.0
Armour         | 3 4 6 9 10 11 12 14 15 16 17 18 19 20 21 23 24 25 26 27 | 27.0
Dodging        | 3 4 5 9 10 11 13 14 15 16 17 18 19 20 21 22 23 25 27 | 27.0
Stealth        | 13 | 13.5

Action                   |  1- 3 |  4- 6 |  7- 9 | 10-12 | 13-15 | 16-18 | 19-21 | 22-24 | 25-27 || total
-------------------------+-------+-------+-------+-------+-------+-------+-------+-------+-------++-------
Melee: Hand axe          |    84 |   139 |   296 |   145 |       |       |       |       |       ||   664
       Headbutt          |     7 |    24 |    60 |   140 |   199 |   232 |   255 |   319 |   326 ||  1562
       War axe           |       |       |       |   231 |       |       |       |       |       ||   231
       Battleaxe         |       |       |       |    98 |   921 |  1126 |   299 |   168 |       ||  2612
       Executioner's axe |       |       |       |       |       |     4 |   623 |   975 |  1185 ||  2787
Invok: Berserk           |       |     2 |       |     2 |     6 |     7 |     2 |       |     3 ||    22
       Trog's Hand       |       |     2 |       |       |    10 |    13 |    17 |    18 |    28 ||    88
       Brothers in Arms  |       |       |       |       |       |     9 |     7 |     5 |     3 ||    24
 Abil: Evoke Flight      |       |       |       |       |       |     1 |       |       |       ||     1
       Stop Flying       |       |       |       |       |       |       |       |     1 |       ||     1
Evoke: Wand              |       |       |    12 |    13 |     2 |    16 |     1 |     4 |    10 ||    58
  Use: Scroll            |       |       |    13 |     7 |    12 |    21 |    11 |    22 |    25 ||   111
       Potion            |       |       |     2 |       |     1 |     3 |    11 |     8 |    34 ||    59
 Stab: Sleeping          |     1 |       |       |       |       |       |       |       |       ||     1
       Paralysed         |       |       |     8 |       |       |       |       |       |       ||     8
       Distracted        |       |       |       |     1 |       |     3 |     3 |     2 |       ||     9
       Petrified         |       |       |       |       |       |     2 |       |       |       ||     2
       Petrifying        |       |       |       |       |       |     1 |       |       |       ||     1
       Confused          |       |       |       |       |       |     1 |       |       |       ||     1
  Eat: Chunk             |     1 |     7 |     8 |     6 |    23 |     6 |     4 |       |       ||    55
       Ration            |       |       |     1 |     6 |     5 |    13 |     8 |    13 |    17 ||    63
Armor: Animal skin       |    21 |       |       |       |       |       |       |       |       ||    21
       Ring mail         |       |    37 |    77 |       |       |       |       |       |       ||   114
       Chain mail        |       |       |       |   138 |    84 |   181 |       |       |       ||   403
       Plate armour      |       |       |       |       |   366 |   539 |   430 |   524 |   603 ||  2462
       Fire dragon scale |       |       |       |       |       |       |    20 |       |       ||    20
       Gold dragon scale |       |       |       |       |       |       |    26 |    31 |       ||    57
Dodge: Dodged            |    59 |    72 |   124 |   203 |   667 |   867 |   526 |   735 |  1164 ||  4417
       Deflected         |       |       |       |       |       |       |       |    31 |    39 ||    70
Block: Large shield      |       |       |       |   147 |       |       |       |       |       ||   147
